 Dungeon Crawl Stone Soup version 0.25-a0-860-gf695395 (webtiles) character file.

Game seed: 16325213936169765072, levelgen mode: deterministic

36343 robertstho the Impaler (level 13, 0/111 HPs)
             Began as a Merfolk Berserker on Apr 28, 2020.
             Was a High Priest of Trog.
             Slain by a vault guard
             ... wielding a +0 great sword
              (8 damage)
             ... on level 14 of the Dungeon.
             The game lasted 00:30:40 (13802 turns).

robertstho the Impaler (Merfolk Berserker)         Turns: 13802, Time: 00:30:41

Health: 0/111      AC: 23    Str: 21    XL:     13   Next: 89%
Magic:  7/7        EV: 13    Int:  6    God:    Trog [*****.]
Gold:   684        SH:  0    Dex: 18    Spells: 12/12 levels left

rFire    + + .     SeeInvis .   P - +0 demon trident (antimagic)
rCold    . . .     Gourm    .   (no shield)
rNeg     + . .     Faith    .   C - +0 plate armour
rPois    +         Spirit   .   D - +1 helmet
rElec    .         Reflect  .   m - +1 cloak
rCorr    .         Harm     .   J - +2 pair of gloves "Deawk" {+Fly rF+ MP+9}
MR       +....                  h - +0 pair of boots
Stlth    ..........             (no amulet)
HPRegen  0.28/turn              T - ring of protection from magic
MPRegen  0.10/turn              U - ring "Reileag" {rPois rF+ rN+ Dex+3 Stlth+}

@: berserk cooldown, slowed, very slow
A: change form in water, swift swim, stealthy swim
a: Berserk, Trog's Hand, Brothers in Arms, Renounce Religion, Evoke Flight


You were on level 14 of the Dungeon.
You worshipped Trog.
Trog was extremely pleased with you.
You were very hungry.

You visited 1 branch of the dungeon, and saw 14 of its levels.
You also visited: Sewer and Gauntlet.

You collected 684 gold pieces.

Inventory:

Hand Weapons
 b - a +3 antimagic spear
 j - a +0 trident of venom
 M - a +2 vorpal glaive
 P - a +0 antimagic demon trident (weapon)
Missiles
 a - a throwing net (quivered)
 Q - 5 silver javelins
Armour
 h - a +0 pair of boots (worn)
 m - a +1 cloak (worn)
 C - a +0 plate armour (worn)
 D - a +1 helmet (worn)
 J - the +2 pair of gloves "Deawk" (worn) {+Fly rF+ MP+9}
   (You found it in a Gauntlet)

   It protects you from fire.
   It affects your magic capacity (+9).
   It lets you fly.
 L - a +0 kite shield
Jewellery
 e - an uncursed ring of positive energy
 G - an uncursed ring of fire
 R - a cursed ring of positive energy
 T - a ring of protection from magic (left hand)
 U - the ring "Reileag" (right hand) {rPois rF+ rN+ Dex+3 Stlth+}
   (You found it on level 14 of the Dungeon)

   [ring of positive energy]

   It affects your dexterity (+3).
   It protects you from fire.
   It protects you from poison.
   It protects you from negative energy.
   It makes you more stealthy.
 Y - an uncursed ring of flight
Wands
 n - a wand of acid (7)
 w - a wand of iceblast (11)
Scrolls
 f - 3 scrolls of teleportation
 g - a scroll of immolation {unknown}
 l - 11 scrolls of magic mapping
 r - 11 scrolls of remove curse
 t - 4 scrolls of enchant armour {unknown}
 x - a scroll of enchant weapon
 y - 2 scrolls of amnesia
 A - a scroll of fear {unknown}
 F - a scroll of holy word {unknown}
 I - a scroll of blinking {unknown}
 N - a scroll of random uselessness {unknown}
Potions
 d - 9 potions of curing
 k - a potion of haste
 o - 2 potions of lignification {unknown}
 p - 2 potions of berserk rage {unknown}
 q - 2 potions of invisibility {unknown}
 s - 5 potions of stabbing {unknown}
 u - 8 potions of heal wounds {unknown}
 v - 2 potions of might
 z - a potion of flight {unknown}
 E - a potion of mutation {unknown}
 K - a potion of ambrosia {unknown}
 O - a potion of cancellation
 V - 3 potions of magic
Miscellaneous
 H - a phantom mirror
 S - a lightning rod (4/4)
 W - a tin of tremorstones
Comestibles
 c - 24 rations
 B - 7 chunks of flesh


   Skills:
 * Level 13.2 Fighting
 * Level 18.4 Polearms
 * Level 8.9 Armour
 * Level 11.1 Dodging
 + Level 2.2 Stealth
 + Level 4.3 Shields
 + Level 0.6 Evocations


You had 12 spell levels left.
You didn't know any spells.
Your spell library was empty.

Dungeon Overview and Level Annotations

Branches:
Dungeon (14/15)            Temple (0/1) D:4            Lair (0/6) D:9
    Orc (0/2) D:10         Vaults (0/5) D:14          Sewer (visited)
Gauntlet (visited)

Altars:
Ashenzari
Cheibriados
Dithmenos
Elyvilon
Gozag
Hepliaklqana
Kikubaaqudgha
Makhleb
Nemelex Xobeh
Okawaru
Ru
Trog
Vehumet
Wu Jian
Xom
Yredelemnul

Shops:
D:4 :   D:11 :


Message History

The centaur warrior hits you but does no damage.
A soldier ant comes into view.
An iguana comes into view.
The vault guard hits you with a +0 great sword.
* * * LOW HITPOINT WARNING * * *
The vault guard completely misses you.
The vault guard hits you with a +1 dire flail!
* * * LOW HITPOINT WARNING * * *
The vault guard hits you but does no damage.
The green ugly thing headbutts you but does no damage.
Found a gate to the Vaults.
A manticore and a vault guard come into view.
As you read the scroll labeled ATU GIWOCAA, it crumbles to dust.
It is a scroll of amnesia.
You feel forgetful for a moment.
The centaur warrior hits you but does no damage.
The centaur warrior misses you. The vault guard closely misses you.
The vault guard hits you with a +0 great sword.
* * * LOW HITPOINT WARNING * * *
The vault guard hits you with a +0 great sword!
You die...

.. ... P. ...
P. ... P#
###'### # .....
# #.#...#.#
...#..upc..#...
.
...'Wap@pl.'...
.
...#.ZHpG..#...
. #.#...#.# #
..... # ###'###
... ... ...


You could see 4 vault guards, a green ugly thing, a centaur warrior, a
manticore, an eye of draining, a soldier ant, a wraith, an iguana and a wyvern
skeleton.

Vanquished Creatures
  A minotaur (Gauntlet)
  Josephine (D:10)
  Snorg (D:10)
  3 hydras
  2 death knights (D:14)
  An ogre mage (D:14)
  Urug (D:11)
  The ghost of Rem the Fighter, a novice OpIE of Hepliaklqana (D:9)
  2 skeletal warriors (D:14)
  An unseen horror (D:12)
  A deep troll (D:14)
  Pikel (D:7)
  A wizard (D:14)
  An orange crystal statue (Gauntlet)
  An orc knight (D:14)
  2 deep elf magi
  A cyclops (D:11)
  An oklob plant (D:6)
  4 ugly things
  3 manticores
  4 centaur zombies
  A yaktaur (shapeshifter) (D:12)
  A rime drake (D:9)
  4 efreet
  4 trolls
  2 hornets (D:14)
  A harpy skeleton (D:14)
  3 slime creatures (D:14)
  7 hippogriffs
  2 shadows (D:14)
  2 wraiths (D:10)
  4 wyverns
  7 yaks
  2 fire elementals (Gauntlet)
  2 vampire mosquitoes (D:14)
  Edmund (D:4)
  An acid dragon (D:14)
  2 hell hounds (Gauntlet)
  3 porcupines (D:9)
  9 ice beasts
  2 orc warriors
  3 sky beasts
  2 eyes of draining (D:14)
  A necrophage (D:10)
  5 ogres
  4 phantoms
  8 centaurs
  7 big kobolds
  8 bullfrogs
  A wyvern zombie (D:12)
  5 scorpions
  13 killer bees
  6 wights
  8 crimson imps
  3 bullfrog zombies
  8 hounds
  7 jellies
  A wyvern simulacrum (D:14)
  Crazy Yiuf (D:2)
  6 orc priests
  A bullfrog skeleton (D:10)
  18 orc wizards
  Jessica (D:3)
  3 centaur skeletons
  Terence (D:2)
  3 iguanas
  7 worker ants
  3 hound skeletons
  2 worker ant zombies
  9 adders
  7 gnolls
  4 shadow imps
  5 white imps (D:9)
  6 oozes
  An adder skeleton (D:5)
  3 worms
  A dart slug (D:1)
  An adder simulacrum (D:9)
  3 leopard geckos
  45 orcs
  9 giant cockroaches
  9 goblins
  9 hobgoblins
  9 jackals
  4 quokkas
  2 ball pythons (D:4)
  6 bats
  4 frilled lizards
  39 kobolds
  2 quokka zombies
  16 rats
424 creatures vanquished.

Vanquished Creatures (collateral kills)
  2 two-headed ogres (D:14)
  A tengu warrior (D:14)
  Nergalle (D:11)
  2 skeletal warriors (D:14)
  An ugly thing (D:14)
  2 cyclopes (D:14)
  A centaur zombie (D:14)
  A freezing wraith (D:14)
  A centaur simulacrum (D:14)
  4 wraiths
  A yak (D:11)
  A basilisk (D:14)
  2 orc warriors
  A scorpion (D:14)
  2 wights
  An orc priest (D:9)
  An iguana (D:14)
  An orc wizard (D:11)
  A worker ant (D:14)
  5 orcs
  A jackal (D:11)
33 creatures vanquished.

Vanquished Creatures (others)
  Joseph (D:7)
  A hobgoblin (D:2)
  2 kobolds
  4 demonic plants (Gauntlet)
  A fungus (D:14)
  27 withered plants (Gauntlet)
36 creatures vanquished.

Grand Total: 493 creatures vanquished

Notes
Turn   | Place    | Note
-------+----------+-------------------------------------------
     0 | D:1      | robertstho the Merfolk Berserker began the quest for the
                  | Orb.
     0 | D:1      | Reached XP level 1. HP: 18/18 MP: 1/1
    47 | D:1      | Reached XP level 2. HP: 11/24 MP: 2/2
   368 | D:1      | Reached skill level 5 in Polearms
   377 | D:1      | Reached ** piety under Trog
   456 | D:1      | Reached XP level 3. HP: 30/30 MP: 3/3
   637 | D:2      | Noticed Terence
   647 | D:2      | Killed Terence
   647 | D:2      | Reached XP level 4. HP: 37/37 MP: 4/4
   793 | D:2      | Reached skill level 6 in Polearms
   919 | D:2      | Reached XP level 5. HP: 26/43 MP: 5/5
  1102 | D:2      | Found a radiant altar of Vehumet.
  1352 | D:2      | Found a runed translucent door.
  1353 | D:2      | Noticed Crazy Yiuf
  1422 | D:2      | Killed Crazy Yiuf
  1727 | D:3      | Reached skill level 7 in Polearms
  1741 | D:3      | Reached *** piety under Trog
  1741 | D:3      | Reached XP level 6. HP: 41/49 MP: 6/6
  1789 | D:3      | Noticed Jessica
  1796 | D:3      | Killed Jessica
  1797 | D:3      | Found a shattered altar of Ashenzari.
  1835 | D:3      | Found a shimmering altar of Xom.
  2150 | D:4      | Reached skill level 5 in Fighting
  2155 | D:4      | Noticed Edmund
  2166 | D:4      | Killed Edmund
  2166 | D:4      | Reached skill level 8 in Polearms
  2166 | D:4      | Reached XP level 7. HP: 45/56 MP: 7/7
  2298 | D:4      | Found a glowing drain.
  2311 | Sewer    | Entered a sewer
  2520 | Sewer    | Reached skill level 9 in Polearms
  2521 | Sewer    | Reached **** piety under Trog
  2703 | D:4      | Found a staircase to the Ecumenical Temple.
  2960 | D:4      | Found Leqesse's Book Emporium.
  3230 | D:5      | Entered Level 5 of the Dungeon
  3234 | D:5      | Reached XP level 8. HP: 61/64 MP: 8/8
  3255 | D:5      | Reached skill level 5 in Dodging
  3293 | D:5      | Reached skill level 10 in Polearms
  3488 | D:5      | Reached skill level 11 in Polearms
  3731 | D:5      | Found an opulent altar of Gozag.
  3731 | D:5      | Found a snail-covered altar of Cheibriados.
  3794 | D:5      | Found a basalt altar of Yredelemnul.
  3989 | D:5      | Reached XP level 9. HP: 70/71 MP: 9/9
  4139 | D:5      | Found an iron altar of Okawaru.
  4420 | D:6      | Found an opulent altar of Gozag.
  4421 | D:6      | Noticed an oklob plant
  4467 | D:6      | Killed an oklob plant
  4467 | D:6      | Reached skill level 12 in Polearms
  4962 | D:7      | Found a shadowy altar of Dithmenos.
  5068 | D:7      | Found an ornate altar of the Wu Jian Council.
  5070 | D:7      | Found a white marble altar of Elyvilon.
  5115 | D:7      | Noticed Pikel
  5136 | D:7      | Killed Pikel
  5136 | D:7      | Reached skill level 13 in Polearms
  5141 | D:7      | Noticed Joseph
  5155 | D:7      | Killed Joseph
  5155 | D:7      | Reached XP level 10. HP: 59/80 MP: 10/10
  5293 | D:7      | Found a hazy altar of Hepliaklqana.
  5666 | D:8      | Reached ***** piety under Trog
  6090 | D:9      | Reached skill level 1 in Stealth
  6168 | D:9      | Reached skill level 5 in Armour
  6598 | D:9      | Found a sacrificial altar of Ru.
  6647 | D:9      | Reached skill level 14 in Polearms
  6960 | D:9      | Found a burning altar of Makhleb.
  7050 | D:9      | Found a sparkling altar of Nemelex Xobeh.
  7053 | D:9      | Found a bloodstained altar of Trog.
  7054 | D:9      | Found an ancient bone altar of Kikubaaqudgha.
  7249 | D:9      | Noticed Rem's ghost (novice OpIE)
  7258 | D:9      | Found a runed translucent gate.
  7258 | D:9      | Found a runed translucent gate.
  7258 | D:9      | Found a runed translucent gate.
  7373 | D:9      | Found a staircase to the Lair.
  7715 | D:9      | Killed Rem's ghost
  7962 | D:9      | Received a gift from Trog
  8160 | D:10     | Entered Level 10 of the Dungeon
  8225 | D:10     | Reached XP level 11. HP: 90/90 MP: 11/11
  8230 | D:10     | Found a sacrificial altar of Ru.
  8359 | D:10     | Noticed Snorg
  8373 | D:10     | Killed Snorg
  8373 | D:10     | Reached skill level 10 in Fighting
  8373 | D:10     | Reached skill level 15 in Polearms
  9167 | D:10     | Noticed Josephine
  9185 | D:10     | Killed Josephine
  9315 | D:10     | Found a staircase to the Orcish Mines.
  9395 | D:11     | Found Umefoffo's Book Shoppe.
  9403 | D:11     | Noticed a white ugly thing
  9432 | D:11     | Killed a white ugly thing
  9445 | D:11     | Noticed Nergalle
  9448 | D:11     | Killed Nergalle
  9779 | D:11     | Noticed Urug
  9797 | D:11     | Killed Urug
  9839 | D:11     | Noticed a manticore
  9855 | D:11     | Noticed a cyclops
  9874 | D:11     | Killed a manticore
  9888 | D:11     | Killed a cyclops
  9888 | D:11     | Reached XP level 12. HP: 42/100 MP: 4/12
 10362 | D:12     | Reached skill level 16 in Polearms
 10362 | D:12     | Reached skill level 1 in Shields
 11048 | D:12     | Noticed a five-headed hydra
 11062 | D:12     | Killed a five-headed hydra
 11375 | D:13     | Found a gate leading to a gauntlet.
 11384 | Gauntlet | Entered a Gauntlet
 11384 | Gauntlet | Found a transporter.
 11384 | Gauntlet | Found a transporter.
 11384 | Gauntlet | Found a transporter.
 11387 | Gauntlet | Found a transporter.
 11398 | Gauntlet | Found a transporter.
 11419 | Gauntlet | Found a transporter.
 11440 | Gauntlet | Found a transporter.
 11457 | Gauntlet | Found a transporter.
 11465 | Gauntlet | Found a transporter.
 11465 | Gauntlet | Noticed a death ooze
 11483 | Gauntlet | Found a transporter.
 11525 | Gauntlet | Found a transporter.
 11535 | Gauntlet | Found a transporter.
 11706 | Gauntlet | Got a coiled turquoise ring
 11708 | Gauntlet | Got a pair of warped gloves
 11718 | Gauntlet | Identified the +2 pair of gloves "Deawk" {+Fly rF+ MP+9}
                  | (You found it in a Gauntlet)
 11721 | Gauntlet | Identified the ring of Fyannechi {rN+ Int-5 Dex+8 Slay-2
                  | Stlth+} (You found it in a Gauntlet)
 11768 | Gauntlet | Got a coiled amber ring
 11788 | Gauntlet | Identified the ring of Tokhlameo {rPois Dex+4} (You found
                  | it in a Gauntlet)
 11931 | Gauntlet | Noticed a minotaur
 11943 | Gauntlet | Killed a minotaur
 12211 | D:13     | Reached skill level 10 in Dodging
 12261 | D:13     | Reached skill level 17 in Polearms
 12535 | D:14     | Reached XP level 13. HP: 108/108 MP: 7/13
 12570 | D:14     | Reached ****** piety under Trog
 13512 | D:14     | Got a pitted jade ring
 13514 | D:14     | Identified the ring "Reileag" {rPois rF+ rN+ Dex+3 Stlth+}
                  | (You found it on level 14 of the Dungeon)
 13598 | D:14     | Received a gift from Trog
 13619 | D:14     | Reached skill level 18 in Polearms
 13801 | D:14     | Found a gate to the Vaults.
 13801 | D:14     | Noticed a vault guard
 13801 | D:14     | Noticed a vault guard
 13801 | D:14     | Noticed a vault guard
 13802 | D:14     | Noticed a vault guard
 13802 | D:14     | Slain by a vault guard

Levels and vault maps discovered:
D:1:      dpeg_arrival_simpleton_c, layout_rooms, st_stairs_8
D:2:      layout_loops_ring, fiery_altar_vehumet, uniq_crazy_yiuf_cottage,
          uniq_terence
D:3:      layout_rooms, cheibrodos_ashenzari_chains, supply_closet_lemuel,
          tgw_xom, uniq_jessica
D:4:      layout_gridville, minmay_temple_entry_proselytizer, first_ration,
          serial_shops, nicolae_shop_temple_entry_statues_fountains,
          cheibrodos_sewer_entry_sluice, uniq_edmund
D:5:      layout_cave_pools, marbit_many_paths, lemuel_coloured_pillars_altar,
          gammafunk_temple_overflow_wave, minmay_fractal_squares_diagonal_5
D:6:      layout_cave_pods, lemuel_oklob_altar
D:7:      layout_loops_cross, grunt_temple_overflow_open, basic_altar,
          grunt_dithmenos_smoke_and_mirrors, uniq_pikel, uniq_joseph
D:8:      layout_cave_pools
D:9:      layout_cave_pods, minitemple, grunt_lair_entry_orc_guard_hut,
          gammafunk_ghost_icy, basic_altar
D:10:     layout_rooms, orc_0_dummy, hangedman_little_slice_of_home,
          nicolae_ru_sacrificial_ziggurat, uniq_snorg, uniq_josephine
D:11:     layout_cave_pools, serial_shops, nicolae_shop_stone, uniq_nergalle,
          uniq_urug
D:12:     layout_roguey
D:13:     layout_rooms, gauntlet_entry_generic, grunt_decor_arrowhead
D:14:     minmay_the_grid_square_5x5_5x5
          [minmay_the_grid_square_5x5_broken_cross,
          minmay_the_grid_square_5x5_n_small,
          minmay_the_grid_square_5x5_inverted_slash,
          minmay_the_grid_square_5x5_checkered_sparse,
          minmay_the_grid_square_5x5_v, minmay_the_grid_square_5x5_hourglass,
          minmay_the_grid_square_5x5_prize_deathbox,
          minmay_the_grid_square_5x5_moneybag,
          minmay_the_grid_square_5x5_prize_itemx,
          minmay_the_grid_square_5x5_dogpile, minmay_the_grid_square_5x5_bridge,
          minmay_the_grid_square_5x5_c, minmay_the_grid_square_5x5_prize_open,
          minmay_the_grid_square_5x5_shrine2, minmay_the_grid_square_5x5_comb,
          minmay_the_grid_square_5x5_inner_v,
          minmay_the_grid_square_5x5_prize_rear_guard,
          minmay_the_grid_square_5x5_meh,
          minmay_the_grid_square_5x5_prize_pseudospiral,
          minmay_the_grid_square_5x5_half_checkered,
          minmay_the_grid_square_5x5_eight_small,
          minmay_the_grid_square_5x5_inset, minmay_the_grid_square_5x5_n,
          minmay_the_grid_square_5x5_tri_point,
          minmay_the_grid_square_5x5_one_wall], layout_rooms,
          lightli_vaults_fourway_checkpoint, fedhas_altar_3

Skill      XL: |  1  2  3  4  5  6  7  8  9 10 11 12 13 |
---------------+----------------------------------------+-----
Polearms       | 5 6 7 8 9 11 13 14 15 17 18 | 18.4
Fighting       | 4 5 6 8 9 11 12 13 | 13.2
Dodging        | 3 4 5 7 8 9 10 11 | 11.1
Armour         | 2 3 4 5 7 8 |  8.9
Stealth        | 1 2 |  2.2
Shields        | 3 4 |  4.3
Evocations     | |  0.6

Action                   |  1- 3 |  4- 6 |  7- 9 | 10-12 | 13-15 || total
-------------------------+-------+-------+-------+-------+-------++-------
Melee: Spear             |    88 |   164 |   479 |   112 |       ||   843
       Tailslap          |       |       |     8 |       |       ||     8
       Trident           |       |       |       |   442 |       ||   442
       Demon trident     |       |       |       |   409 |   262 ||   671
       Glaive            |       |       |       |       |    23 ||    23
Invok: Berserk           |     2 |     3 |     1 |    15 |     2 ||    23
       Brothers in Arms  |       |       |       |     4 |     3 ||     7
       Trog's Hand       |       |       |       |     3 |       ||     3
Evoke: Wand              |       |       |       |     4 |       ||     4
  Use: Scroll            |       |     4 |     6 |     4 |     3 ||    17
       Potion            |       |       |       |       |     1 ||     1
 Stab: Sleeping          |     1 |       |       |       |       ||     1
  Eat: Chunk             |       |     8 |    10 |    31 |     8 ||    57
       Ration            |       |       |       |     3 |       ||     3
Armor: Animal skin       |     2 |       |       |       |       ||     2
       Scale mail        |       |    29 |    80 |     4 |       ||   113
       Plate armour      |       |       |       |   369 |    94 ||   463
       Chain mail        |       |       |       |    17 |       ||    17
Dodge: Dodged            |    60 |    50 |   147 |   257 |    89 ||   603
Block: Kite shield       |       |       |       |   134 |    57 ||   191

Table legend:
 A = Non-vault XP
 B = Vault XP
 C = Vault XP percentage of total XP
 D = Non-vault monster count
 E = Vault monster count
 F = Vault count percentage of total count
                 A         B        C        D         E       F
            +---------+---------+-------+---------+---------+-------
      Total |   25292 |   26627 |  51.3 |     331 |     127 |  27.7
            +---------+---------+-------+---------+---------+-------
        D:1 |      43 |       1 |   2.3 |      28 |       1 |   3.4
        D:2 |     104 |      77 |  42.5 |      21 |       2 |   8.7
        D:3 |     130 |      46 |  26.1 |      24 |       4 |  14.3
        D:4 |     186 |     213 |  53.4 |       9 |       4 |  30.8
        D:5 |     981 |     388 |  28.3 |      24 |       7 |  22.6
        D:6 |     454 |     550 |  54.8 |      20 |       1 |   4.8
        D:7 |     395 |     921 |  70.0 |       6 |       2 |  25.0
        D:8 |     332 |       0 |   0.0 |      10 |       0 |   0.0
        D:9 |    1780 |    2154 |  54.8 |      39 |      15 |  27.8
       D:10 |    2036 |    3090 |  60.3 |      35 |      15 |  30.0
       D:11 |    2922 |    1243 |  29.8 |      26 |       2 |   7.1
       D:12 |    6561 |       0 |   0.0 |      37 |       0 |   0.0
       D:13 |    2386 |       0 |   0.0 |      16 |       0 |   0.0
       D:14 |    6982 |   14619 |  67.7 |      36 |      43 |  54.4
      Sewer |       0 |     336 | 100.0 |       0 |      24 | 100.0
   Gauntlet |       0 |    2989 | 100.0 |       0 |       7 | 100.0
            +---------+---------+-------+---------+---------+-------
